 Dungeon Crawl Stone Soup version 0.22-a0-367-gb72a975 (webtiles) character file.

306 ObsidianBottle the Magician (level 6, -1/34 HPs)
             Began as a Deep Elf Earth Elementalist on Apr 22, 2018.
             Succumbed to Terra's ghost's poison
             ... while paralysed
             ... on level 3 of the Dungeon.
             The game lasted 00:14:45 (3546 turns).

ObsidianBottle the Magician (DEEE)                  Turns: 3546, Time: 00:14:45

Health: -1/34      AC:  3    Str:  5    XL:     6   Next: 16%
Magic:  3/17       EV:  2    Int: 22    God:
Gold:   175        SH:  0    Dex: 15    Spells: 2/17 levels left

rFire    . . .     SeeInvis .   g - +0 spear (venom)
rCold    . . .     Gourm    .   (no shield)
rNeg     . . .     Faith    .   c - +0 robe
rPois    .         Spirit   .   u - +1 hat
rElec    .         Reflect  .   (no cloak)
rCorr    .         Harm     .   (no gloves)
MR       ++...                  (no boots)
Stlth    ++........             (no amulet)
HPRegen  0.11/turn              l - ring of protection from magic
MPRegen  0.15/turn              w - ring of protection from magic

@: paralysed, lethally poisoned (-1 -> -36), berserk cooldown, very slightly
contaminated, slowed
A: no striking features
a: no special abilities


You were on level 3 of the Dungeon.
You were very hungry.

You visited 1 branch of the dungeon, and saw 3 of its levels.

You collected 175 gold pieces.

Inventory:

Hand Weapons
 g - a +0 spear of venom (weapon)
 h - a +0 hunting sling
Missiles
 b - 122 stones
 f - 7 bolts (quivered)
 q - 19 arrows
Armour
 c - a +0 robe (worn)
 u - a +1 hat (worn)
Jewellery
 l - a ring of protection from magic (left hand)
 r - an uncursed ring of protection from fire
 t - a +3 ring of intelligence
 w - a ring of protection from magic (right hand)
Scrolls
 e - a scroll of fear {unknown}
 j - 3 scrolls of remove curse
 m - a scroll of teleportation {unknown}
 n - a scroll of identify {unknown}
 p - a scroll of amnesia
Potions
 s - a potion of resistance {unknown}
 v - a potion of heal wounds {unknown}
 x - a potion of lignification {unknown}
Comestibles
 d - 4 rations


   Skills:
 - Level 1.3 Fighting
 - Level 2.4 Dodging
 - Level 2.4 Stealth
 - Level 6.2 Spellcasting
 - Level 1.1 Transmutations
 + Level 5.6 Earth Magic


You had 2 spell levels left.
You knew the following spells:

 Your Spells              Type           Power        Failure   Level  Hunger
a - Sandblast             Erth           ####..       1%          1    None
b - Stone Arrow           Conj/Erth      ###...       9%          3    #......
c - Petrify               Tmut/Erth      ###.....     22%         4    ###....
d - Lee's Rapid Deconstr  Erth           ####......   24%         5    #####..
Z - Passwall              Tmut/Erth      ###.......   3%          2    None


Dungeon Overview and Level Annotations

Branches:
Dungeon (3/15)

Altars:

Annotations:
D:3 Terra's ghost, amateur DrSu


Message History

You miss Terra's ghost.
Terra's ghost is heavily damaged.
* * * LOW HITPOINT WARNING * * *
You feel sick.
Terra's ghost shouts, "You must not succeed where I failed!"
Terra's ghost hits you.
* * * LOW HITPOINT WARNING * * *
You are more poisoned.
* * * LOW HITPOINT WARNING * * *
You feel sick.
The quokka twitches its whiskers.
You feel a strong urge to attack something.
You are no longer berserk.
You pass out from exhaustion.
You feel yourself slow down.
* * * LOW HITPOINT WARNING * * *
You feel sick.
* * * LOW HITPOINT WARNING * * *
You feel very sick.
You die...

###..#.....P♣≈P#.##.rP
#.....#....≈≈≈≈#......
#...#.#....P≈.P...#..P
#.rr#r#....≈≈≈#.#r##..
#..b#r#..####..r..###.
#...#r#..# ###r.## ##
#...#.#..######W##
#...#W#..Wr.##..#
#...#@#..##.§#..#
#...#....##..r.##
#####..#....#.##
######..#..##..######
##.......#..##.........
#..#####.#..##.####...≈
##.## #.#..##.# ..
#..######.#..##.#
#......##.#..##.######


You could see Terra's ghost, 2 quokkas and a rat.

Vanquished Creatures
  Sigmund (D:2)
  An ogre (D:2)
  2 oozes
  A worm (D:3)
  3 dart slugs
  A leopard gecko (D:2)
  An orc (D:3)
  2 giant cockroaches (D:2)
  5 goblins
  3 hobgoblins
  6 jackals (D:3)
  2 quokkas
  2 ball pythons
  3 bats
  3 frilled lizards
  3 kobolds
  7 rats
46 creatures vanquished.

Notes
Turn   | Place    | Note
-------+----------+-------------------------------------------
     0 | D:1      | ObsidianBottle the Deep Elf Earth Elementalist began the quest for the Orb.
     0 | D:1      | Reached XP level 1. HP: 10/10 MP: 6/6
   185 | D:1      | Reached skill level 1 in Fighting
   185 | D:1      | Reached XP level 2. HP: 9/16 MP: 8/8
   189 | D:1      | Learned a level 2 spell: Passwall
  1121 | D:2      | Noticed an ogre
  1407 | D:2      | Noticed Sigmund
  1623 | D:2      | Killed an ogre
  1623 | D:2      | Reached skill level 5 in Earth Magic
  1623 | D:2      | Reached XP level 3. HP: 20/20 MP: 6/9
  1623 | D:2      | Reached XP level 4. HP: 25/25 MP: 6/10
  1628 | D:2      | Learned a level 3 spell: Stone Arrow
  2225 | D:2      | tele trapped into sigmund
  2225 | D:2      | so fun&exciting
  2465 | D:2      | Killed Sigmund
  2465 | D:2      | Reached skill level 6 in Spellcasting
  2465 | D:2      | Reached XP level 5. HP: 25/29 MP: 6/15
  2465 | D:2      | Reached XP level 6. HP: 30/34 MP: 6/17
  2471 | D:2      | Learned a level 4 spell: Petrify
  2477 | D:2      | Learned a level 5 spell: Lee's Rapid Deconstruction
  2913 | D:3      | Noticed Terra's ghost (amateur DrSu)
  3545 | D:3      | HP: 1/34 [poisoned by Terra's ghost]
  3546 | D:3      | Succumbed to Terra's ghost's poison

Vault maps used:
D:1:      dpeg_arrival_lava_temple_mockup, minivault_4
D:2:      uniq_sigmund
D:3:      nemelex_altar_shiori, serial_bayou, serial_bayou_shore_a,
          serial_bayou_lake_a, serial_bayou_lagoon_a, serial_bayou_crossing,
          serial_bayou_pond_c, serial_bayou_pond_d, interstate_on_off

Skill      XL: |  1  2  3  4 |
---------------+-------------+-----
Fighting       | 1 |  1.3
Earth Magic    | 5 |  5.6
Spellcasting   | 6 |  6.2
Dodging        | |  2.4
Stealth        | |  2.4
Transmutations | |  1.1

Action                   |  1- 3 |  4- 6 || total
-------------------------+-------+-------++-------
Melee: Spear             |    35 |    55 ||    90
       Unarmed           |     1 |       ||     1
 Cast: Sandblast         |     4 |     6 ||    10
       Stone Arrow       |       |    14 ||    14
       Lee's Rapid Decon |       |     2 ||     2
  Use: Scroll            |       |     2 ||     2
       Potion            |       |     1 ||     1
 Stab: Distracted        |     1 |       ||     1
       Sleeping          |     2 |     2 ||     4
  Eat: Chunk             |     2 |     6 ||     8
Armor: Robe              |     8 |    19 ||    27
Dodge: Dodged            |    21 |    60 ||    81

Table legend:
 A = Spawn XP
 B = Non-spawn XP
 C = Spawn XP percentage of total XP
 D = Spawn monster count
 E = Non-spawn monster count
 F = Spawn count percentage of total count
 G = Total turns spent on level
                    A         B        C        D         E        F      G
               +---------+---------+-------+---------+---------+-------+---------
         Total |       0 |     438 |   0.0 |       0 |      46 |   0.0 |  3546
               +---------+---------+-------+---------+---------+-------+---------
           D:1 |       0 |      20 |   0.0 |       0 |      10 |   0.0 |  1236
           D:2 |       0 |     383 |   0.0 |       0 |      22 |   0.0 |  1449
           D:3 |       0 |      35 |   0.0 |       0 |      14 |   0.0 |   861
               +---------+---------+-------+---------+---------+-------+---------
